 Dungeon Crawl Stone Soup version 0.26-a0-651-gb41185065b (webtiles) character file.

Game seed: 8340581860475547666

1925 Irenicus the Carver (level 8, -2/57 HPs)
             Began as a Minotaur Chaos Knight on Oct 28, 2020.
             Was a Plaything of Xom.
             Slain by an orc warrior (16 damage)
             ... in a bailey.
             The game lasted 00:10:45 (5198 turns).

Irenicus the Carver (Minotaur Chaos Knight)         Turns: 5198, Time: 00:10:45

Health: -2/57      AC:  8    Str: 24      XL:     8   Next: 96%
Magic:  7/7        EV: 11    Int:  9      God:    Xom [*.....]
Gold:   398        SH:  0    Dex:  8 (11) Spells: 7/7 levels left

rFire    . . .     SeeInvis .   a - +0 falchion (chaos)
rCold    . . .     Faith    .   (no shield)
rNeg     . . .     Spirit   .   b - +2 leather armour
rPois    .         Reflect  .   (helmet restricted)
rElec    .         Harm     .   (no cloak)
rCorr    .         Rampage  .   (no gloves)
MR       .....                  r - +0 pair of boots
Stlth    +.........             (no amulet)
HPRegen  0.19/turn              t - +6 ring of strength
MPRegen  0.10/turn              p - +4 ring of protection

@: no status effects
A: retaliatory headbutt, horns 2, deformed body, frail 1
a: Renounce Religion


You were in a bailey.
You worshipped Xom.
You were a special plaything of Xom.
You visited 1 branch of the dungeon, and saw 7 of its levels.
You also visited: Sewer and Bailey.

You collected 398 gold pieces.

Inventory:

Hand Weapons
 a - a +0 falchion of chaos (weapon)
Armour
 b - a +2 leather armour (worn)
 r - a +0 pair of boots (worn)
   (You found it on level 5 of the Dungeon)
Jewellery
 h - an uncursed ring of protection from cold {rC+, !d}
   (You found it on level 1 of the Dungeon)
 n - an uncursed ring of magical power {MP+9}
   (You found it on level 5 of the Dungeon)
 p - a +4 ring of protection (right hand)
   (You found it on level 3 of the Dungeon)
 t - a +6 ring of strength (left hand)
   (You found it on level 5 of the Dungeon)
 v - an uncursed ring of stealth {Stlth+}
   (You found it on level 4 of the Dungeon)
 y - an uncursed ring of flight {+Fly, !d}
   (You found it on level 6 of the Dungeon)
Wands
 j - a wand of disintegration (9)
   (You took it off a kobold on level 6 of the Dungeon)
 x - a wand of iceblast (5)
   (You found it on level 6 of the Dungeon)
Scrolls
 d - 3 scrolls of teleportation {unknown}
 e - 3 scrolls of immolation {!r}
 f - 2 scrolls of enchant weapon {unknown}
 g - 2 scrolls of noise {unknown}
 i - 2 scrolls of blinking {unknown}
 k - 8 scrolls of identify
 l - 6 scrolls of enchant armour {unknown}
 m - 3 scrolls of remove curse
 q - a scroll of fear {unknown}
 s - 5 scrolls of amnesia {unknown}
 u - a scroll of magic mapping {unknown}
Potions
 c - 4 potions of flight
 o - a potion of haste
 w - a potion of might {unknown}
 z - 5 potions of curing


   Skills:
 - Level 3.6 Fighting
 + Level 13.7 Long Blades
 - Level 2.4 Armour
 - Level 1.1 Dodging


You had 7 spell levels left.
You didn't know any spells.
Your spell library was empty.

Dungeon Overview and Level Annotations

Branches:
Dungeon (7/15)              Sewer (visited)          Bailey (1/1)
 Temple: D:4-7

Altars:
Ru
Trog


Innate Abilities, Weirdness & Mutations

You reflexively headbutt those who attack you in melee.
You have a pair of horns on your head.
Armour fits poorly on your strangely shaped body.
You are frail. (-10% HP)


Message History

There is an open door here.
Health restored: 57 A bullfrog zombie is nearby!
The bullfrog zombie hits you.
You take 5 damage, and have 52/57 hp.
You slash the bullfrog zombie!
The bullfrog zombie suddenly seems more agile.
Your headbutt misses the bullfrog zombie.
The bullfrog zombie is moderately damaged.
The bullfrog zombie hits you but does no damage.
You slash the bullfrog zombie!
The bullfrog zombie appears confused.
The bullfrog zombie is heavily damaged.
You see here a potion of curing.
z - 5 potions of curing (gained 1)
The bullfrog zombie barely misses you.
The bullfrog zombie hits you but does no damage.
Your leather armour prevents you from hitting the bullfrog zombie.
You headbutt the bullfrog zombie!
The bullfrog zombie is severely damaged.
The bullfrog zombie barely misses you.
You hit the bullfrog zombie.
Lightning courses through the bullfrog zombie!
You destroy the bullfrog zombie!
You hear the creaking of a portcullis nearby.
m - 3 scrolls of remove curse (gained 1)
An orc comes into view. It is wielding a +0 hand axe.
Health restored: 57 The orc barely misses you.
You closely miss the orc. The orc closely misses you.
You hit the orc.
The orc is poisoned.
The orc is heavily wounded.
The orc completely misses you.
You riposte.
You slash the orc! Lightning courses through the orc!
You kill the orc!
You see here a +0 hand axe.
You hear the creaking of a distant portcullis.
You open the door.
There is an open door here.
Found a flagged portal.
You see here a potion of stabbing.
The orc warrior shouts!
The orc shouts!
You hear a shout!
The orc zaps a wand.
Some rock shatters into small pieces.
There is a flagged portal here.
The world spins around you as you enter the gateway.
You enter a bailey! 2 orcs and 3 orc warriors come into view.
The orc shouts!
The orc warrior shouts!
The orc shouts!
You hear a shout! x2
Found two gates leading back out of this place.
There is an empty arch of ancient stone here.
Evoke which item? (* to show all) (? for menu, Esc to quit)
Okay, then.
An orc and 2 orc warriors come into view.
The orc warrior shouts! x2
An orc comes into view. It is wielding a +0 halberd.
The orc warrior shoots a bolt.
The bolt hits you!
You hear a shout!
Found two gates leading back out of this place.
You see here a bolt.
You take 16 damage, and have 41/57 hp.
MASSIVE DAMAGE!!
The orc shouts!
Evoke which item? (* to show all) (? for menu, Esc to quit)
Press: ? - help, Shift-Dir - straight line Out of range.
Okay, then.
The orc warrior shoots a bolt.
The bolt hits you.
There is an empty arch of ancient stone here.
You see here a bolt.
You take 6 damage, and have 35/57 hp.
Evoke which item? (* to show all) (? for menu, Esc to quit)
Press: ? - help, Shift-Dir - straight line, f - orc warrior
Aim: an orc warrior, wielding a +0 arbalest, wearing a +0 scale mail and quivering 21 bolts The mass of ice explodes!
The iceblast engulfs the orc warrior!
The orc warrior is severely wounded.
The iceblast engulfs the orc!
You kill the orc!
You feel a bit more experienced.
Evoke which item? (* to show all) (? for menu, Esc to quit)
Aiming: Iceblast
Press: ? - help, Shift-Dir - straight line, f/p - orc warrior
Aim: an orc warrior, wielding a +0 arbalest, wearing a +0 scale mail and quivering 21 bolts (severely wounded)
The mass of ice explodes!
The iceblast engulfs the orc warrior!
You kill the orc warrior!
You feel your dexterity returning.
You hear a shout!
There is a gate leading back out of this place here.
An orc warrior comes into view. It is wielding a +0 arbalest.
The orc warrior hits you with a +0 halberd!
You take 16 damage, and have 20/57 hp.
MASSIVE DAMAGE!!
You closely miss the orc warrior. You headbutt the orc warrior!
The orc warrior is moderately wounded.
You slash the orc warrior!
The orc warrior is poisoned.
The orc warrior is heavily wounded.
The orc warrior hits you with a +0 halberd!
* * * LOW HITPOINT WARNING * * *
You take 7 damage, and have 13/57 hp.
You barely miss the orc warrior.
The orc warrior is severely wounded.
The orc warrior unwields a +0 arbalest.
The orc warrior hits you!
You die...
Xom chortles!

## #### ##∩##
#####
....##...##.....
≈≈≈..#...#..≈≈≈.
≈o≈≈.......≈≈)≈≈
oo≈.......≈o∩.≈
o≈≈.......≈≈o≈≈
#oo(# #@(.#
##∩## ###


You could see 2 orc warriors and an orc.

Vanquished Creatures
  A hog (D:4)
  An orc warrior (Bailey)
  2 ice beasts
  A crocodile (D:4)
  2 centaurs
  2 big kobolds
  2 bullfrogs (D:6)
  A water moccasin zombie (D:6)
  2 howler monkeys
  A bullfrog zombie (D:7)
  3 quasits (Sewer)
  An orc priest (D:5)
  A hound (D:4)
  2 orc wizards
  A big kobold zombie (Sewer)
  4 gnolls (D:4)
  6 adders
  A river rat (D:6)
  3 shadow imps (Sewer)
  A white imp (D:6)
  3 ufetubi (Sewer)
  4 oozes
  2 adder skeletons
  6 worms
  A dart slug (D:3)
  2 leopard geckos
  9 orcs
  4 ball pythons
  5 giant cockroaches
  6 goblins
  10 hobgoblins
  19 jackals
  16 bats
  3 frilled lizards
  26 kobolds
  2 kobold zombies (Sewer)
  7 rats
163 creatures vanquished.

Vanquished Creatures (collateral kills)
  A kobold (D:6)
1 creature vanquished.

Vanquished Creatures (others)
  Grinder (Sewer)
  An ooze (Sewer)
  A giant cockroach zombie (Sewer)
3 creatures vanquished.

Grand Total: 167 creatures vanquished

Notes
Turn   | Place    | Note
-------+----------+-------------------------------------------
     0 | D:1      | Irenicus the Minotaur Chaos Knight began the quest for the
                  | Orb.
     0 | D:1      | Reached XP level 1. HP: 19/19 MP: 0/0
    33 | D:1      | Reached skill level 4 in Long Blades
    42 | D:1      | Reached XP level 2. HP: 21/26 MP: 1/1
   113 | D:1      | XOM: divination: detect creatures
   117 | D:1      | XOM: silly message
   154 | D:1      | Reached skill level 5 in Long Blades
   156 | D:1      | XOM: silly message
   217 | D:1      | Reached XP level 3. HP: 26/31 MP: 2/2
   451 | D:1      | XOM: divination: detect items
   703 | D:2      | Found a sacrificial altar of Ru.
   929 | D:2      | XOM: silly message
  1283 | D:2      | Reached skill level 6 in Long Blades
  1283 | D:2      | Reached XP level 4. HP: 39/39 MP: 3/3
  1327 | D:3      | XOM: silly message
  1653 | D:3      | HP: 9/39 [poisoned by an orc wizard]
  1658 | D:3      | HP: 9/39 [poisoned by an orc wizard]
  1693 | D:3      | Found a bloodstained altar of Trog.
  1919 | D:3      | Found a faded altar of an unknown god.
  1943 | D:3      | Reached XP level 5. HP: 45/45 MP: 4/4
  2055 | D:4      | Reached skill level 7 in Long Blades
  2576 | D:4      | Noticed an ogre
  2583 | D:4      | XOM: silly message
  2585 | D:4      | XOM: 3-stop teleportation journey
  2649 | D:4      | Reached skill level 8 in Long Blades
  2651 | D:4      | XOM: stat loss: -1 Str (16/17)
  2704 | D:4      | Noticed a hog
  2704 | D:4      | an ogre changed into a hog
  2704 | D:4      | XOM: polymorph ogre -> hog
  2711 | D:4      | Noticed a crocodile
  2711 | D:4      | a worker ant changed into a crocodile
  2711 | D:4      | XOM: polymorph worker ant -> crocodile
  2713 | D:4      | Killed a hog
  2713 | D:4      | Reached XP level 6. HP: 18/51 MP: 5/5
  2722 | D:4      | HP: 12/51 [crocodile (8)]
  2728 | D:4      | XOM: swap monsters
  2735 | D:4      | Reached skill level 9 in Long Blades
  2817 | D:5      | Entered Level 5 of the Dungeon
  3144 | D:5      | Reached XP level 7. HP: 52/57 MP: 6/6
  3274 | D:5      | Noticed a troll
  3281 | D:5      | Banished a troll
  3281 | D:5      | Reached skill level 10 in Long Blades
  3346 | D:5      | XOM: confusion
  3348 | D:5      | HP: 11/57 [centaur/arrow (9)]
  3354 | D:5      | XOM: destruction
  3357 | D:5      | HP: 6/57 [centaur/arrow (1)]
  3684 | D:5      | Reached skill level 11 in Long Blades
  3787 | D:6      | Reached XP level 8. HP: 64/64 MP: 7/7
  3818 | D:6      | XOM: summons friendly quasit
  3822 | D:6      | XOM: divination: magic mapping
  3868 | D:6      | XOM: silly message
  4037 | D:6      | Found a glowing drain.
  4045 | Sewer    | Entered a sewer
  4096 | Sewer    | HP: 8/64 [shadow imp/nerve-wracking pain (9)]
  4223 | Sewer    | XOM: 4-stop teleportation journey
  4320 | Sewer    | Found a burning altar of Makhleb.
  4339 | Sewer    | XOM: smoke on damage
  4343 | Sewer    | Reached skill level 12 in Long Blades
  4382 | Sewer    | XOM: silly message
  4434 | Sewer    | Noticed Grinder
  4435 | Sewer    | XOM: cleaving
  4444 | Sewer    | Paralysed by Grinder for 2 turns
  4445 | Sewer    | XOM: confuse monster(s)
  4448 | Sewer    | Killed Grinder
  4551 | Sewer    | XOM: stat loss: -1 Str (17/18)
  4559 | D:6      | XOM: give mutations
  4559 | D:6      | Gained mutation: You are frail. (-10% HP) [Xom's mischief]
  4559 | D:6      | Gained mutation: Armour fits poorly on your strangely
                  | shaped body. [Xom's mischief]
  4627 | D:6      | Reached skill level 13 in Long Blades
  4719 | D:6      | XOM: summons 3 hostile shadow creatures
  5179 | D:7      | Found a flagged portal.
  5188 | Bailey   | Entered a bailey
  5197 | Bailey   | HP: 13/57 [orc warrior/+0 halberd (7)]
  5198 | Bailey   | Slain by an orc warrior

Illustrated notes

Levels and vault maps discovered:
D:1:      minmay_arrival_radiant_lines, layout_loops_ring,
          chequers_serial_rivers_room_b, minivault_11
D:2:      layout_basic, nicolae_ru_awakened_eye
D:3:      cheibrodos_helix_gallery, layout_loops_ring,
          chequers_ecumenical_altar_lobes, bloody_trog
D:4:      layout_layer_cave
D:5:      layout_loops_corners, supply_closet_lemuel
D:6:      layout_basic, lightli_sewer_entry_pipes
D:7:      layout_basic, minmay_temple_entry_crystal_x, enter_bailey_8,
          uniq_duvessa
Bailey:   bailey_polearm_4, bailey

Skill      XL: |  1  2  3  4  5  6  7  8 |
---------------+-------------------------+-----
Long Blades    | 4 5 6 8 9 11 13 | 13.7
Fighting       | |  3.6
Armour         | |  2.4
Dodging        | |  1.1

Action                   |  1- 3 |  4- 6 |  7- 9 || total
-------------------------+-------+-------+-------++-------
Melee: Falchion          |    74 |   138 |   229 ||   441
       Headbutt          |    11 |    26 |    28 ||    65
Evoke: Wand              |       |       |     2 ||     2
  Use: Potion            |       |     8 |     3 ||    11
       Scroll            |       |     2 |       ||     2
 Stab: Sleeping          |       |     1 |       ||     1
       Confused          |       |       |     2 ||     2
       Petrifying        |       |       |     1 ||     1
Armor: Leather armour    |    37 |    41 |   165 ||   243
       Ring mail         |       |    24 |       ||    24
Dodge: Dodged            |    71 |    84 |   186 ||   341
       Rpst.: Falchion   |    23 |    23 |    34 ||    80

Table legend: (Time is in decaauts)
 A = Elapsed time spent in this place.
 B = Non-inter-level travel time spent in this place.
 C = Inter-level travel time spent in this place.
 D = Time resting spent in this place.
 E = Time spent auto-exploring this place.
 F = Levels seen in this place.
 G = Mean time per level.
                   A        B        C        D        E       F      G
               +--------+--------+--------+--------+--------+-----+--------+
         Total |   5151 |   5060 |     91 |    396 |   3552 |   9 |  572.3 |
       Dungeon |   4659 |   4568 |     91 |    275 |   3402 |   7 |  665.6 |
         Sewer |    483 |    483 |      0 |    121 |    150 |   1 |  483.0 |
        Bailey |      8 |      8 |      0 |      0 |      0 |   1 |    8.0 |
               +--------+--------+--------+--------+--------+-----+--------+

Top non-repeatable levels by time:
     D:5: 872 daAuts
     D:6: 755 daAuts
     D:4: 750 daAuts
     D:3: 725 daAuts
     D:2: 666 daAuts
     D:1: 652 daAuts
   Sewer: 483 daAuts
     D:7: 236 daAuts
  Bailey: 8 daAuts

Table legend:
 A = Kills in this place as a percentage of kills in entire the game.
 B = Kills by you in this place as a percentage of kills by you in the entire game.
 C = Kills by friends in this place as a percentage of kills by friends in the entire game.
 D = Other kills in this place as a percentage of other kills in the entire game.
 E = Experience gained in this place as a percentage of experience gained in the entire game.
 F = Experience gained in this place divided by the number of levels of this place that you have seen.
                   A       B       C       D       E      F
               +-------+-------+-------+-------+-------+----------------------
         Total | 100.0 | 100.0 | 100.0 | 100.0 | 100.0 | 305.7
       Dungeon |  78.9 |  79.1 | 100.0 |  50.0 |  73.4 | 288.6
         Sewer |  19.3 |  19.0 |   0.0 |  50.0 |  21.6 | 595.0
        Bailey |   1.8 |   1.8 |   0.0 |   0.0 |   4.9 | 136.0
               +-------+-------+-------+-------+-------+----------------------
